Cogmind - Beta 15 @@@ ROGUE MODE // 2025.06.07 @ 13:31:01 Player: Fleshy Vegetable Bird Result: Destroyed by G-67 Veteran with Plasma Rifle Performance ------------- Evolutions (6) 3000 Regions Visited (15) 3000 Robots Destroyed (88) 440 Value Destroyed (3073) 3073 Prototype IDs (45) 900 Alien Tech Used (2) 400 Bonus (1481) 1481 TOTAL SCORE: 12294 Bonus ------- Follower Combat Kills 119 Registered with UFD 300 Met Optimus in HQ 500 Met Data Miner 300 Met Zhirov 300 Friendly Fire -38 Cogmind --------- Core Integrity 0/1150 Matter 295/300 Energy 99/100 System Corruption 0% Temperature Cool (0) Movement Core (50) Location -4/Upper Caves Parts ------- > --- POWER (2) -------- (None) > --- PROPULSION (5) --- (None) > --- UTILITY (8) ------ Advanced Cryofiber Web Machine Analyzer > --- WEAPON (4) ------- (None) > --- INVENTORY (5) ---- Advanced Medium Treads Improved Energy Well (400) Matter Compressor (77) Improved Plasma Cutter Peak State ------------ > --- POWER ------------ Micro Fission Core Micro Fission Core > --- PROPULSION ------- Antigrav System Antigrav System Cooled Nuclear Pulse Thruster Cooled Nuclear Pulse Thruster Cooled Nuclear Pulse Thruster > --- UTILITY ---------- Large Storage Unit Machine Analyzer Experimental Sensor Array Improved Target Analyzer Experimental Propulsion Shielding Light Regenerative Plating Advanced System Shield > --- WEAPON ----------- Phase Cannon Heavy Phase Cannon Hypervelocity Gauss Rifle > --- INVENTORY -------- Fusion Reactor Experimental Heat Sink Matter Compressor Machine Analyzer Makeshift ECM Suite Layered Medium Armor Plating Improved Thermal Shield Improved Hacking Suite Transdimensional Reconstructor Disruptor Cannon Improved Remote Datajack Improved Plasma Cutter Makeshift Axe Lance [Rating: 105] Favorites ----------- Power Micro Fission Core Engine Improved Ion Engine Power Core Micro Fission Core Reactor Fusion Reactor Propulsion Antigrav System Treads Spiked Treads Leg Carbon-fiber Leg Wheel Wheel Hover Unit Antigrav System Flight Unit Cooled Nuclear Pulse Thruster Utility Makeshift Thermal Plating Device Experimental Sensor Array Storage Huge Storage Unit Processor Enhanced Optical Array Hackware Advanced System Shield Protection Makeshift Thermal Plating Weapon Phase Cannon Energy Gun Force Rifle Energy Cannon Phase Cannon Ballistic Gun Battle Rifle Ballistic Cannon Enhanced Gauss Cannon Launcher Rocket Launcher Special Weapon Improved Remote Datajack Slashing Weapon Makeshift Axe Piercing Weapon Lance Special Melee Weapon Improved Datajack Build | -11 -10 -10 -9 -6 -6 -6 -6 -5 -5 -5 -5 -5 -4 -4 -4 ------- Run | Yrd Mat Sub Scr Fac Low Low Dat Pro Fac Upp Upp Zhi Pro Fac Upp Slots Evolved 12 | . . . . 8 . . . . 2 . . . . 2 . Power 1 | . . . . . . . . . 1 . . . . . . Propulsion 3 | . . . . 3 . . . . . . . . . . . Utility 6 | . . . . 4 . . . . 1 . . . . 1 . Weapon 2 | . . . . 1 . . . . . . . . . 1 . Parts Attached 145 | 8 4 16 6 16 5 2 . 17 40 5 1 7 11 7 . Power 15 | 1 . 2 1 . 1 . . 2 6 . . 1 1 . . Engine 6 | 1 . 2 1 . 1 . . 1 . . . . . . . Core 8 | . . . . . . . . 1 6 . . . 1 . . Reactor 1 | . . . . . . . . . . . . 1 . . . Propulsion 40 | 3 2 4 3 2 2 . . 4 9 3 . 3 3 2 . Treads 2 | . . . 1 . . . . . . . . . 1 . . Leg 2 | . . . . . . . . 1 . 1 . . . . . Wheel 17 | 3 2 4 2 2 2 . . 1 1 . . . . . . Hover 15 | . . . . . . . . 2 8 1 . . 2 2 . Flight 4 | . . . . . . . . . . 1 . 3 . . . Utility 54 | 2 1 3 1 9 2 . . 7 18 1 . 3 3 4 . Device 27 | 1 . 1 . 4 1 . . 4 11 . . 1 1 3 . Storage 8 | 1 1 1 1 1 . . . . 2 . . . . 1 . Processor 9 | . . . . 3 . . . 2 3 . . . 1 . . Hackware 4 | . . . . . . . . 1 1 . . 1 1 . . Protection 6 | . . 1 . 1 1 . . . 1 1 . 1 . . . Artifact . | . . . . . . . . . . . . . . . . Weapon 36 | 2 1 7 1 5 . 2 . 4 7 1 1 . 4 1 . Energy Gun 6 | 2 . . 1 2 . . . . . . . . 1 . . Energy Cannon 10 | . . . . 2 . 1 . 1 4 . . . 1 1 . Ballistic Gun 10 | . . 6 . 1 . . . 1 . 1 1 . . . . Ballistic Cannon 1 | . . . . . . . . . . . . . 1 . . Launcher 2 | . . 1 . . . 1 . . . . . . . . . Special Weapon 3 | . 1 . . . . . . . 2 . . . . . . Impact Weapon . | . . . . . . . . . . . . . . . . Slashing Weapon 2 | . . . . . . . . 1 . . . . 1 . . Piercing Weapon 1 | . . . . . . . . . 1 . . . . . . Special Melee Weapon 1 | . . . . . . . . 1 . . . . . . . Unidentified Prototypes 11 | . . . . 3 1 . . . 2 . . 4 1 . . Parts Lost 73 | . 1 11 . . 2 1 . 16 4 3 2 . 20 12 1 Power 8 | . . 2 . . . . . 2 . . . . 4 . . Propulsion 26 | . 1 4 . . . 1 . 4 2 3 2 . 6 3 . Utility 22 | . . 2 . . 1 . . 5 1 . . . 4 8 1 Weapon 17 | . . 3 . . 1 . . 5 1 . . . 6 1 . Highest Loss Streak 11 | . 1 5 . . 2 1 . 8 2 3 2 . 11 8 9 To Critical Strikes 1 | . . . . . . . . . 1 . . . . . . Average Backups 13 | 2 10 11 16 20 20 19 19 9 6 12 14 14 12 8 4 Power . | . 2 . . 2 1 1 1 . . 2 2 1 . . . Propulsion 1 | . 2 1 2 . 1 1 1 . . . . . . . 1 Utility 6 | . 2 2 5 9 10 10 11 5 2 5 6 7 7 5 2 Weapon 4 | 1 3 7 6 5 3 2 3 1 1 3 3 4 2 . . Tool/Special . | . . . . . . . . . . . . . . . . Unused Backups 36 | 1 . 2 11 7 1 . . 4 3 . . . . 4 3 Power 3 | . . . 1 2 . . . . . . . . . . . Propulsion 5 | 1 . . 2 1 . . . . . . . . . . 1 Utility 14 | . . . 4 2 . . . 2 1 . . . . 3 2 Weapon 12 | . . 2 4 2 1 . . . 2 . . . . 1 . Tool/Special 2 | . . . . . . . . 2 . . . . . . . Average Slot Usage (%) 88 | . 99 90 99 88 92 91 93 63 91 93 94 92 76 48 16 Engine 7 | . 14 11 14 6 6 6 6 2 2 . . . . . . Core 2 | . . . . . . . . 3 7 11 11 10 5 . . Treads 5 | . . . 13 5 3 . . . . . . . 1 . . Wheel 10 | . 27 25 14 16 22 25 26 1 . . . . . . . Hover 5 | . . . . . . . . 4 25 21 14 11 5 7 4 Flight 1 | . . . . . . . . . . 2 2 6 9 . . Device 6 | . 14 7 . 12 12 7 13 8 11 10 10 8 3 5 5 Storage 8 | . 14 14 14 6 6 6 6 3 1 5 5 5 5 6 . Processor 6 | . . . . 12 13 13 13 10 11 11 11 11 8 9 5 Hackware 1 | . . . . . . . . 1 5 5 5 5 5 9 2 Protection 7 | . . 2 14 6 6 11 6 4 3 5 5 7 8 3 . Energy Gun 4 | . 27 . 4 6 6 6 6 3 . . . . 1 . . Energy Cannon 4 | . . . . 11 13 6 6 5 6 5 3 5 3 3 . Ballistic Gun 10 | . . 26 23 . . . . 5 4 2 9 11 1 . . Peak Build Rating 105 | 7 8 16 27 69 71 68 68 69 104 98 94 102 105 60 25 Average Rating 50 | 5 7 8 20 64 69 66 68 54 92 91 89 90 76 50 18 On Entrance 51 | . 7 8 16 27 66 55 68 68 69 92 94 85 102 49 25 Naked Turns . | . . . . . . . . . . . . . . . . Heaviest Build 127 | 11 26 35 97 121 127 123 122 127 64 56 61 55 65 39 1 Greatest Support 58 | 26 20 20 28 48 58 58 48 22 55 55 33 22 28 40 12 Greatest Overweight (x) 42 | . 1 1 9 2 2 2 2 42 1 2 3 2 15 2 . Average Overweight (x) 2 | . . 1 4 1 2 2 2 5 . . 1 2 1 . . Largest Inventory Capacity 25 | 8 15 15 25 25 25 25 25 25 15 15 15 15 15 15 5 Average Capacity 18 | 7 14 15 22 24 25 25 25 17 7 15 15 15 15 12 5 Most Carried 25 | 8 14 15 25 25 25 25 24 24 15 13 15 15 15 12 4 Average Carried 16 | 3 10 11 20 23 24 24 24 12 6 12 14 14 12 8 4 Final Capacity 25 | 8 15 15 25 25 25 25 25 5 15 15 15 15 15 5 5 Final Carried 25 | 8 14 15 18 25 24 24 24 2 14 13 15 15 9 4 4 Class Distribution -------------------- 32% | Derelict-Mutant 17% | Scavenger-Mutant 12% | Mutant 10% | Skirmisher 9% | Derelict-Skirmisher 7% | Scavenger-Skirmisher Dominant Class ---------------- Mutant | -10/Materials Mutant | -10/Subcaves Derelict-Mutant | -9/Scraptown Derelict-Skirmisher | -6/Factory Skirmisher | -6/Lower Caves Skirmisher | -6/Lower Caves Skirmisher | -6/Data Miner Scavenger-Mutant | -5/Proximity Caves Scavenger-Mutant | -5/Factory Scavenger-Mutant | -5/Upper Caves Scavenger-Mutant | -5/Upper Caves Scavenger-Skirmisher | -5/Zhirov Scavenger-Mutant | -4/Proximity Caves Hacker-Mutant | -4/Factory Mutant | -4/Upper Caves Resources | -11 -10 -10 -9 -6 -6 -6 -6 -5 -5 -5 -5 -5 -4 -4 -4 ----------- Run | Yrd Mat Sub Scr Fac Low Low Dat Pro Fac Upp Upp Zhi Pro Fac Upp Matter Collected 3784 | 280 30 289 50 355 166 87 . 456 713 229 448 . 471 210 . Remotely . | . . . . . . . . . . . . . . . . Salvage Created 3736 | 173 501 122 . 435 110 57 . 557 870 206 321 . 384 . . Parts 212 | 17 36 5 . 34 3 3 . 18 56 8 20 . 12 . . Haulers Intercepted 1 | . . . . . . . . . 1 . . . . . . Recyclers Shooed 5 | . . . . 3 . . . . 1 . . . . 1 . Parts Field Recycled . | . . . . . . . . . . . . . . . . Retrieved Matter . | . . . . . . . . . . . . . . . . Parts Self-Destructed 83 | . . 12 . . 2 3 . 20 . 14 19 . 13 . . Prevented 11 | . . . . . 2 . . . . . 7 . 2 . . Kills | -11 -10 -10 -9 -6 -6 -6 -6 -5 -5 -5 -5 -5 -4 -4 -4 ------- Run | Yrd Mat Sub Scr Fac Low Low Dat Pro Fac Upp Upp Zhi Pro Fac Upp Combat Hostiles Destroyed 62 | . 12 4 . 5 1 1 . 10 10 4 6 . 9 . . Melee 9 | . . . . . . . . 1 . 4 1 . 3 . . Guns 37 | . 12 4 . 2 . 1 . 3 7 . 4 . 4 . . Cannons 15 | . . . . 3 1 . . 5 3 . 1 . 2 . . AOE 1 | . . . . . . . . 1 . . . . . . . Classes Destroyed 18 | 2 4 1 . 3 1 1 . 2 3 . . . 1 . . Worker 3 | . 1 . . 1 . . . . 1 . . . . . . Builder 1 | . . . . . . . . . 1 . . . . . . Tunneler 9 | 5 . . . 3 . . . . 1 . . . . . . Hauler 1 | . . . . . . . . . 1 . . . . . . Recycler 4 | 1 2 . . . . . . . 1 . . . . . . Minesweeper 1 | . . . . . 1 . . . . . . . . . . Mechanic 1 | . . . . . . . . . 1 . . . . . . Operator 4 | . . . . 2 . . . . 2 . . . . . . Watcher 2 | . 2 . . . . . . . . . . . . . . Swarmer 20 | . 6 . . . . . . . 3 4 2 . 5 . . Grunt 21 | . 6 . . 1 1 . . 7 1 . 3 . 2 . . Brawler 1 | . . . . . . . . 1 . . . . . . . Duelist 1 | . . . . . . . . 1 . . . . . . . Sentry 2 | . . . . 1 . . . . . . . . 1 . . Demolisher 1 | . . . . . . . . . . . . . 1 . . Hunter 3 | . . . . . . 1 . 1 . . 1 . . . . Programmer 9 | . . . . 3 . . . . 6 . . . . . . Subdweller 4 | . . 4 . . . . . . . . . . . . . Packrat 1 | . . . . . . . . . . 1 . . . . . Best Kill Streak 4 | 4 3 3 . 2 1 1 . 4 3 4 3 . 3 . . Combat Bots Only 4 | . 3 3 . 2 1 1 . 4 3 4 3 . 3 . . Max Kills in Single Turn 1 | 1 1 1 . 1 1 1 . 1 1 1 1 . 1 . . Gunslinging . | . . . . . . . . . . . . . . . . Exploded 1 | . . . . . . . . 1 . . . . . . . Melee 1 | . . . . . . . . 1 . 1 1 . 1 . . Uniques/NPCs Destroyed . | . . . . . . . . . . . . . . . . Combat | -11 -10 -10 -9 -6 -6 -6 -6 -5 -5 -5 -5 -5 -4 -4 -4 -------- Run | Yrd Mat Sub Scr Fac Low Low Dat Pro Fac Upp Upp Zhi Pro Fac Upp Hostile Shots Fired 868 | . 39 49 . 38 40 9 . 118 116 40 27 . 187 155 50 Missed 297 | . 8 17 . 13 13 2 . 32 48 21 7 . 53 62 21 Hits 571 | . 31 32 . 25 27 7 . 86 68 19 20 . 134 93 29 Melee 5 | . . . . . . . . 5 . . . . . . . Projectile 566 | . 31 32 . 25 27 7 . 81 68 19 20 . 134 93 29 AOE 12 | . . . . . . . . . 2 . . . 10 . . Critical Strikes 20 | . . . . 1 1 . . 7 4 1 . . . 6 . Damage Taken 10962 | . 306 807 . 506 461 111 . 1753 1348 324 301 . 2813 1793 439 Core 2504 | . 117 99 . 82 . 18 . 388 143 65 19 . 402 791 380 Absorbed by Shields 163 | . . . . . . . . 143 20 . . . . . . Redirected to Shielding 165 | . . . . . . . . . . . . . 165 . . Ignored by Resistances 138 | . . . . 37 4 . . 16 81 . . . . . . Regen/Repaired (Parts) 725 | . . . . . . . . . 103 31 47 . 398 146 . Core Remaining (%) 46 | 100 . . 13 . . . . 42 . . . . 32 . . Volleys Fired 409 | 15 34 43 . 78 11 2 . 33 115 8 12 . 51 7 . Largest 3 | 1 2 2 . 3 3 3 . 3 3 2 3 . 2 1 . Hottest 250 | 40 100 40 . 250 250 198 . 203 210 58 146 . 178 98 . Shots Fired 614 | 15 67 81 . 103 15 6 . 76 141 13 22 1 67 7 . Gun 324 | 15 66 78 . 25 7 2 . 48 39 5 13 1 25 . . Cannon 276 | . . . . 78 8 2 . 24 98 8 9 . 42 7 . Launcher 9 | . . 3 . . . 2 . 4 . . . . . . . Special 5 | . 1 . . . . . . . 4 . . . . . . Kinetic 194 | . . 78 . . . . . 28 39 5 13 1 30 . . Thermal 401 | 15 67 . . 103 15 4 . 44 99 8 9 . 30 7 . Explosive 9 | . . 3 . . . 2 . 4 . . . . . . . Electromagnetic 7 | . . . . . . . . . . . . . 7 . . Robot Hit Streak 16 | 5 16 12 . 5 5 3 . 5 7 1 8 . 8 . . Robot Miss Streak 10 | 2 3 3 . 3 1 1 . 6 3 . 1 1 10 . . Penetration Max 1 | . . . . . . . . . 1 . 1 . . . . Secondary Targets 1 | . . . . . . . . . . . . . 1 . . Max Gunslinging Chain 1 | . . . . . . . . . . . . . 1 . . Shots Hit Robots 308 | 12 46 58 . 30 7 3 . 42 46 8 15 . 41 . . Core Hits 144 | 7 26 15 . 14 3 2 . 20 25 2 9 1 19 1 . Critical Kills 16 | . . . . 1 . . . 1 8 . 4 . 2 . . Critical Parts Destroyed 11 | . . . . 3 1 . . 1 5 . . . 1 . . Critical Strikes 37 | . . . . 4 1 . . 3 13 1 4 . 11 . . Burn 2 | . . . . . . . . . . . . . 2 . . Destroy 27 | . . . . 4 1 . . 2 13 . 4 . 3 . . Blast 4 | . . . . . . . . . . . . . 4 . . Corrupt 1 | . . . . . . . . . . . . . 1 . . Sever 1 | . . . . . . . . 1 . . . . . . . Impale 2 | . . . . . . . . . . 1 . . 1 . . Melee Attacks 47 | . . . . . . . . 4 19 12 1 . 11 . . Impact . | . . . . . . . . . . . . . . . . Slashing 7 | . . . . . . . . 4 . . . . 3 . . Piercing 40 | . . . . . . . . . 19 12 1 . 8 . . Sneak Attacks 1 | . . . . . . . . . . 1 . . . . . Combat Hostiles . | . . . . . . . . . . . . . . . . Follow-up Attacks 2 | . . . . . . . . . . . . . 2 . . Damage Inflicted 6694 | 130 530 571 . 836 186 106 . 1419 1018 326 375 6 1167 24 . Guns 2551 | 130 530 387 . 374 97 49 . 514 176 17 85 6 186 . . Cannons 2812 | . . . . 462 89 . . 474 780 . 255 . 752 . . Explosions 598 | . . 184 . . . 57 . 313 44 . . . . . . Melee 691 | . . . . . . . . 118 . 309 35 . 229 . . Ramming 24 | . . . . . . . . . . . . . . 24 . Kinetic 1558 | . . 387 . . . . . 320 176 17 85 6 567 . . Thermal 3764 | 130 530 . . 836 186 49 . 668 798 . 255 . 312 . . Explosive 554 | . . 184 . . . 57 . 313 . . . . . . . Electromagnetic 103 | . . . . . . . . . 44 . . . 59 . . Impact . | . . . . . . . . . . . . . . . . Slashing 234 | . . . . . . . . 118 . . . . 116 . . Piercing 457 | . . . . . . . . . . 309 35 . 113 . . Highest Corruption 13 | . . . . 1 . . . 10 13 13 13 13 13 . . Average Corruption 9 | . . . . 1 . . . 9 11 13 13 13 13 . . Corruption Purged 5 | . . . . 2 . . . 3 . . . . . . . Corruption Blocked . | . . . . . . . . . . . . . . . . Effects 252 | . . . . 11 . . . 61 73 11 26 11 59 . . Message Errors 46 | . . . . 2 . . . 12 13 3 2 1 13 . . Matter Fused 72 | . . . . 6 . . . 17 16 4 8 3 18 . . Heat Flow Errors 21 | . . . . . . . . 7 7 . 3 1 3 . . Energy Discharges 31 | . . . . 1 . . . 6 10 2 4 2 6 . . Parts Rejected 2 | . . . . . . . . 1 1 . . . . . . Parts Fused 4 | . . . . 1 . . . . 2 . . 1 . . . Data Loss (minor) 40 | . . . . . . . . 12 12 1 2 2 11 . . Data Loss (major) 10 | . . . . . . . . 2 2 . 3 . 3 . . Misfires 15 | . . . . 1 . . . 2 7 1 1 1 2 . . Alerts 4 | . . . . . . . . 1 . . 2 . 1 . . Misdirections 1 | . . . . . . . . . 1 . . . . . . Weapon Failures 6 | . . . . . . . . 1 2 . 1 . 2 . . Overload Shots 3 | . . . . . . . . . . . 3 . . . . Overflow Damage 239 | . . . . 2 . . . 52 11 157 . . 17 . . Projectiles 53 | . . . . 2 . . . 23 11 . . . 17 . . Explosions . | . . . . . . . . . . . . . . . . Melee 186 | . . . . . . . . 29 . 157 . . . . . Knockbacks 2 | . . . . . . . . . . . . . 2 . . Impact . | . . . . . . . . . . . . . . . . Kinetic 2 | . . . . . . . . . . . . . 2 . . Secondary . | . . . . . . . . . . . . . . . . Self-Inflicted Damage 325 | . . . . 195 . . . 118 . . . . . 12 . Shots 6 | . . . . 3 . . . 3 . . . . . . . Rammed 5 | . . . . . . . . . . . . . . 5 . Targets Rammed 5 | . . . . . . . . . . . . . . 5 . Kicked . | . . . . . . . . . . . . . . . . Crushed . | . . . . . . . . . . . . . . . . Highest Temperature 644 | . 234 . . 324 261 150 . 578 644 365 262 259 464 2 . Average Temperature 117 | . 59 . . 63 73 81 . 168 130 185 96 142 158 2 . Received Heat Transfer 1999 | . 96 174 . 51 36 . . 672 123 . 81 . 246 520 . Effects 29 | . . . . 2 . . . 4 20 . . . 3 . . Shutdowns 5 | . . . . . . . . 1 3 . . . 1 . . Energy Bleed 7 | . . . . 1 . . . . 5 . . . 1 . . Interference 8 | . . . . 1 . . . 1 6 . . . . . . Matter Decay 2 | . . . . . . . . . 2 . . . . . . Short Circuit 2 | . . . . . . . . . 2 . . . . . . Damage (minor) 3 | . . . . . . . . 1 1 . . . 1 . . Damage (major) 2 | . . . . . . . . 1 1 . . . . . . Siege Activations . | . . . . . . . . . . . . . . . . Martial Activations . | . . . . . . . . . . . . . . . . Shielding Activations . | . . . . . . . . . . . . . . . . Robots Disrupted . | . . . . . . . . . . . . . . . . Combat Hostiles . | . . . . . . . . . . . . . . . . Robots Corrupted . | . . . . . . . . . . . . . . . . Combat Hostiles . | . . . . . . . . . . . . . . . . Parts Fried . | . . . . . . . . . . . . . . . . Impact Corruptions . | . . . . . . . . . . . . . . . . Robots Melted . | . . . . . . . . . . . . . . . . Combat Hostiles . | . . . . . . . . . . . . . . . . Parts Melted 6 | 1 1 1 . . 1 . . 1 . . . . 1 . . Heat Transferred 5681 | 300 1150 . . 1110 259 74 . 1046 866 . 321 . 555 . . Parts Sabotaged . | . . . . . . . . . . . . . . . . Parts Stolen . | . . . . . . . . . . . . . . . . Parts Stripped . | . . . . . . . . . . . . . . . . Power Chain Reactions . | . . . . . . . . . . . . . . . . Alert | -11 -10 -10 -9 -6 -6 -6 -6 -5 -5 -5 -5 -5 -4 -4 -4 ------- Run | Yrd Mat Sub Scr Fac Low Low Dat Pro Fac Upp Upp Zhi Pro Fac Upp Maximum Alert Level 1 | . . . . . . . . . 1 . . . . . . Low Security (%) 97 | 100 100 . . 100 . . . . 92 . . . . 100 . Level 1 2 | . . . . . . . . . 7 . . . . . . Level 2 . | . . . . . . . . . . . . . . . . Level 3 . | . . . . . . . . . . . . . . . . Level 4 . | . . . . . . . . . . . . . . . . Level 5 . | . . . . . . . . . . . . . . . . High Security . | . . . . . . . . . . . . . . . . Max Security . | . . . . . . . . . . . . . . . . Peak Influence 262 | 10 135 . . 120 . . . . 262 . . . . 124 . Initial . | . . . . . . . . . . . . . . . . Average 41 | 1 28 . . 39 . . . . 59 . . . . 11 . Influence Increases 2928 | 30 379 . . 402 25 30 . 242 930 165 173 . 205 332 15 Destroy 0b10 Robot/C 1220 | . 240 . . 100 20 20 . 200 220 80 140 . 200 . . Destroy 0b10 Robot/NC 125 | 30 25 . . 30 5 . . . 35 . . . . . . Destroy Leader 236 | . 44 . . 40 . 10 . 40 62 10 30 . . . . Allied During Kill 12 | . . . . . . . . 2 2 . 3 . 5 . . Successful Hack 133 | . 39 . . 32 . . . . 59 . . . . 3 . Disable Machine 165 | . . . . 90 . . . . 75 . . . . . . Destroy Structure 257 | . 1 . . 80 . . . . 162 . . . . 14 . Partial Spotted 90 | . . . . . . . . . 90 . . . . . . Lose Combat Pursuer 690 | . 30 . . 30 . . . . 225 75 . . . 315 15 Influence Decreases 2876 | 30 379 . . 315 112 30 . 242 834 246 188 . 205 208 87 Entered New Map 120 | . . . . . 33 . . . . 36 4 . . . 47 Time Decay 1847 | 30 242 . . 307 79 30 . 150 370 180 184 . 177 88 10 Lost Part 300 | . 10 . . . . . . 72 30 30 . . 28 120 10 Lost Ally 80 | . . . . . . . . 20 40 . . . . . 20 Purge Threat 529 | . 127 . . 8 . . . . 394 . . . . . . Squads Dispatched 26 | . 2 . . 8 . . . . 10 . . . . 6 . Investigation 16 | . 2 . . 4 . . . . 6 . . . . 4 . Extermination 9 | . . . . 4 . . . . 4 . . . . 1 . Reinforcement 1 | . . . . . . . . . . . . . . 1 . Assault . | . . . . . . . . . . . . . . . . Garrison . | . . . . . . . . . . . . . . . . Intercept . | . . . . . . . . . . . . . . . . Searches Triggered . | . . . . . . . . . . . . . . . . Data Miner Redirects 7 | . . . . . . . . . 3 . . . . 4 . Construction Impeded . | . . . . . . . . . . . . . . . . Haulers Reinforced . | . . . . . . . . . . . . . . . . Active Scanning Responses . | . . . . . . . . . . . . . . . . Cargo Convoy Interrupts . | . . . . . . . . . . . . . . . . Stealth | -11 -10 -10 -9 -6 -6 -6 -6 -5 -5 -5 -5 -5 -4 -4 -4 --------- Run | Yrd Mat Sub Scr Fac Low Low Dat Pro Fac Upp Upp Zhi Pro Fac Upp Distress Signals 54 | . 1 . . 2 . . . . 1 . . . 48 2 . Communications Jammed . | . . . . . . . . . . . . . . . . Distress Signals . | . . . . . . . . . . . . . . . . Times Spotted 178 | . 18 4 . 20 4 1 . 13 42 11 7 . 24 23 11 Peak Tracking Total 13 | . 4 3 . 3 3 1 . 4 9 9 4 . 4 11 13 Tactical Retreats 22 | . 2 . . 2 . . . . 7 3 . . . 7 1 Traps | -11 -10 -10 -9 -6 -6 -6 -6 -5 -5 -5 -5 -5 -4 -4 -4 ------- Run | Yrd Mat Sub Scr Fac Low Low Dat Pro Fac Upp Upp Zhi Pro Fac Upp Traps Triggered 15 | . 2 3 . 3 . . . . 4 1 . . 1 1 . Indirectly . | . . . . . . . . . . . . . . . . Trap Hack Attempts . | . . . . . . . . . . . . . . . . Triggered . | . . . . . . . . . . . . . . . . Disarmed . | . . . . . . . . . . . . . . . . Reprogrammed . | . . . . . . . . . . . . . . . . Reused 5 | . . . . . 3 . . 2 . . . . . . . Traps Extracted . | . . . . . . . . . . . . . . . . Installed 14 | . . . . . 12 . . 2 . . . . . . . Triggered 5 | . . . . . 3 . . 2 . . . . . . . Most Traps Carried 5 | . . . 2 2 5 3 3 3 . . . . . . . Machines | -11 -10 -10 -9 -6 -6 -6 -6 -5 -5 -5 -5 -5 -4 -4 -4 ---------- Run | Yrd Mat Sub Scr Fac Low Low Dat Pro Fac Upp Upp Zhi Pro Fac Upp Machines Disabled 11 | . . . . 6 . . . . 5 . . . . . . Max in Single Turn 3 | . . . . 3 . . . . 2 . . . . . . Garrison Access 4 | . . . . 2 . . . . 1 . . . . 1 . Machines Repaired . | . . . . . . . . . . . . . . . . Machines Dismantled . | . . . . . . . . . . . . . . . . Machines Sabotaged . | . . . . . . . . . . . . . . . . Overloaded Fab Kills . | . . . . . . . . . . . . . . . . Hacking | -11 -10 -10 -9 -6 -6 -6 -6 -5 -5 -5 -5 -5 -4 -4 -4 --------- Run | Yrd Mat Sub Scr Fac Low Low Dat Pro Fac Upp Upp Zhi Pro Fac Upp Machines Accessed 57 | . 6 . 3 15 . . 4 . 19 1 . 4 . 5 . Terminals 19 | . 6 . . 5 . . . . 8 . . . . . . Fabricators 7 | . . . . 2 . . . . 4 . . . . 1 . Repair Stations 2 | . . . . . . . . . 1 . . . . 1 . Recycling Units 11 | . . . . 4 . . . . 5 . . . . 2 . Scanalyzers 2 | . . . . 2 . . . . . . . . . . . Garrison Access 4 | . . . . 2 . . . . 1 . . . . 1 . Total Hacks 181 | . 23 . 13 31 . . 29 . 55 1 . 17 . 12 . Successful 130 | . 15 . 13 17 . . 29 . 31 1 . 17 . 7 . Failed 50 | . 7 . . 14 . . . . 24 . . . . 5 . Catastrophic 10 | . 2 . . 3 . . . . 5 . . . . . . Database Lockouts 1 | . 1 . . . . . . . . . . . . . . Manual 83 | . 21 . . 18 . . . . 41 . . . . 3 . Terminals 71 | . 23 . . 12 . . . . 36 . . . . . . Fabricators 14 | . . . . 3 . . . . 7 . . . . 4 . Repair Stations 6 | . . . . . . . . . 2 . . . . 4 . Recycling Units 17 | . . . . 6 . . . . 8 . . . . 3 . Scanalyzers 6 | . . . . 6 . . . . . . . . . . . Garrison Access 7 | . . . . 4 . . . . 2 . . . . 1 . Terminal Hacks 74 | . 5 . 13 2 . . 29 . 7 1 . 17 . . . Record 28 | . . . 12 . . . 11 . . . . 5 . . . Part Schematic 13 | . . . . . . . 9 . . . . 4 . . . Robot Schematic 6 | . . . . . . . 6 . . . . . . . . Robot Analysis 6 | . 2 . . . . . . . . . . 4 . . . Prototype ID Bank 10 | . 1 . . 1 . . 3 . 1 . . 4 . . . Open Door 1 | . . . . . . . . . . 1 . . . . . Branch Access Points 1 | . . . . . . . . . 1 . . . . . . Terminal Index 1 | . 1 . . . . . . . . . . . . . . Unreport Threat 5 | . 1 . . 1 . . . . 3 . . . . . . Locate Traps 2 | . . . . . . . . . 2 . . . . . . Proto ID Catalog 1 | . . . 1 . . . . . . . . . . . . Fabricator Hacks 4 | . . . . . . . . . 2 . . . . 2 . Load Schematic 2 | . . . . . . . . . 1 . . . . 1 . Build 2 | . . . . . . . . . 1 . . . . 1 . Repair Station Hacks 4 | . . . . . . . . . 2 . . . . 2 . Scan Component 2 | . . . . . . . . . 1 . . . . 1 . Repair 2 | . . . . . . . . . 1 . . . . 1 . Recycling Unit Hacks . | . . . . . . . . . . . . . . . . Scanalyzer 4 | . . . . 4 . . . . . . . . . . . Insert Component 2 | . . . . 2 . . . . . . . . . . . Analyze 2 | . . . . 2 . . . . . . . . . . . Garrison Access Hacks 4 | . . . . 2 . . . . 1 . . . . 1 . Seal Access 4 | . . . . 2 . . . . 1 . . . . 1 . Unauthorized Hacks 40 | . 10 . . 9 . . . . 19 . . . . 2 . Terminals 25 | . 10 . . 3 . . . . 12 . . . . . . Track 11 | . 5 . . 1 . . . . 5 . . . . . . Assimilate 1 | . . . . . . . . . 1 . . . . . . Botnet 13 | . 5 . . 2 . . . . 6 . . . . . . Fabricators 4 | . . . . 2 . . . . 2 . . . . . . Fabnet 3 | . . . . 1 . . . . 2 . . . . . . Haulers 1 | . . . . 1 . . . . . . . . . . . Repair Stations . | . . . . . . . . . . . . . . . . Recycling Units 11 | . . . . 4 . . . . 5 . . . . 2 . Fedlink 11 | . . . . 4 . . . . 5 . . . . 2 . Scanalyzers . | . . . . . . . . . . . . . . . . Garrison Access . | . . . . . . . . . . . . . . . . Data Cores Recovered 2 | . . . . 1 . . . . 1 . . . . . . Used 2 | . . . . 1 . . . . 1 . . . . . . Hacking Detections 28 | . 5 . . 9 . . . . 12 . . . . 2 . Full Trace Events 2 | . . . . . . . . . 1 . . . . 1 . Feedback Events . | . . . . . . . . . . . . . . . . Feedback Blocked . | . . . . . . . . . . . . . . . . Robot Schematics Acquired 6 | . . . . . . . 6 . . . . . . . . Robots Built . | . . . . . . . . . . . . . . . . Authchips . | . . . . . . . . . . . . . . . . Time . | . . . . . . . . . . . . . . . . Total Robot Build Rating . | . . . . . . . . . . . . . . . . Part Schematics Acquired 15 | . . . . 2 . . 9 . . . . 4 . . . Parts Built 3 | . . . . . . . . . 1 . . . . 2 . Authchips . | . . . . . . . . . . . . . . . . Time 134 | . . . . . . . . . 76 . . . . 58 . Total Part Build Rating 19 | . . . . . . . . . 5 . . . . 14 . Parts Repaired 2 | . . . . . . . . . 1 . . . . 1 . Time 112 | . . . . . . . . . 56 . . . . 56 . Parts Recycled . | . . . . . . . . . . . . . . . . Recycled Matter . | . . . . . . . . . . . . . . . . Retrieved Matter . | . . . . . . . . . . . . . . . . Retrieved Components . | . . . . . . . . . . . . . . . . Parts Scanalyzed 2 | . . . . 2 . . . . . . . . . . . Part Schematics Acquired 2 | . . . . 2 . . . . . . . . . . . Parts Damaged . | . . . . . . . . . . . . . . . . Bothacking | -11 -10 -10 -9 -6 -6 -6 -6 -5 -5 -5 -5 -5 -4 -4 -4 ------------ Run | Yrd Mat Sub Scr Fac Low Low Dat Pro Fac Upp Upp Zhi Pro Fac Upp Used RIF Installer . | . . . . . . . . . . . . . . . . Robots Hacked 9 | . . . . . . . . 1 3 . 1 . 2 . 2 Non-combat . | . . . . . . . . . . . . . . . . Combat 6 | . . . . . . . . 1 . . 1 . 2 . 2 Robot Hacks Applied . | . . . . . . . . . . . . . . . . Manual 3 | . . . . . . . . . 3 . . . . . . Relay Couplers Released . | . . . . . . . . . . . . . . . . Fabnet Peak Effective % 7 | . . . . . . . . 3 3 3 3 3 7 7 7 Autooverrided 6 | . . . . . . . . 1 . . 1 . 2 . 2 Robots Rewired . | . . . . . . . . . . . . . . . . Allies Hacked . | . . . . . . . . . . . . . . . . Hacks Repelled . | . . . . . . . . . . . . . . . . Allies | -11 -10 -10 -9 -6 -6 -6 -6 -5 -5 -5 -5 -5 -4 -4 -4 -------- Run | Yrd Mat Sub Scr Fac Low Low Dat Pro Fac Upp Upp Zhi Pro Fac Upp Total Allies 11 | . . . 1 . . . . 1 4 . 1 . 2 . 2 Largest Group 2 | . . . 1 . . . . 1 1 . 1 . 2 . 2 Highest-Rated Group 105 | . . . 50 . . . . 29 85 . 12 . 105 . 77 Highest-Rated Ally 85 | . . . 50 . . . . 29 85 . 12 . 58 . 47 Total Orders 1 | . . . . . 1 . . . . . . . . . . EXPLORE 1 | . . . . . 1 . . . . . . . . . . Ally Attacks 23 | . . . . . . . . 3 4 . 5 . 4 . 7 Total Damage 503 | . . . . . . . . 56 152 . 67 . 150 . 78 Kills 3 | . . . . . . . . . 1 . 1 . 1 . . Allies Corrupted . | . . . . . . . . . . . . . . . . Allies Melted . | . . . . . . . . . . . . . . . . Intel | -11 -10 -10 -9 -6 -6 -6 -6 -5 -5 -5 -5 -5 -4 -4 -4 ------- Run | Yrd Mat Sub Scr Fac Low Low Dat Pro Fac Upp Upp Zhi Pro Fac Upp Active Infowar (turns) 10853 | 12 719 352 . 2069 756 244 92 1759 1977 376 688 326 982 465 36 Optics 5679 | . . . . 1888 756 244 92 1759 940 . . . . . . Sensors 7642 | . . . . 1996 697 202 92 1047 1701 332 642 326 607 . . Terrain 2442 | . . . . 1725 714 . . . . . . . . 3 . Seismic 1083 | 12 719 352 . . . . . . . . . . . . . Machine Analysis 3900 | . . . . . . . . . 1027 376 688 326 982 465 36 Robot Analysis Total 6 | . 2 . . . . . . . . . . 4 . . . Derelict Logs Recovered 17 | . . 1 5 . 2 . . 2 . 2 3 . 1 . 1 Drone Launches 2 | . . . . . 2 . . . . . . . . . . Drone Recoveries . | . . . . . . . . . . . . . . . . Exploration | -11 -10 -10 -9 -6 -6 -6 -6 -5 -5 -5 -5 -5 -4 -4 -4 ------------- Run | Yrd Mat Sub Scr Fac Low Low Dat Pro Fac Upp Upp Zhi Pro Fac Upp Turns Passed 17673 | 116 719 630 5859 2073 756 244 92 1759 1977 376 688 326 1511 511 36 Spaces Moved 9358 | 73 432 364 1832 1439 425 196 80 548 1930 413 434 168 603 365 56 Core 111 | 3 . . . . . . . 76 . . . . 5 7 20 Treads 1169 | . . . 1013 . . . . . . . . . 156 . . Legs 2 | . . . . . . . . . . . 2 . . . . Wheels 3909 | 70 432 364 819 1439 425 196 80 84 . . . . . . . Hover 3790 | . . . . . . . . 388 1930 413 432 168 65 358 36 Flight 377 | . . . . . . . . . . . . . 377 . . Fastest Speed 44 | 50 80 95 120 105 115 115 116 50 44 44 122 176 77 50 50 Average Speed 159 | 83 94 102 316 116 115 115 116 274 72 72 142 182 200 121 62 Slowest Speed 2150 | 90 95 120 560 120 116 116 116 2150 131 176 350 186 800 220 70 Overloaded Moves 377 | . . . . . . . . . . . . . 377 . . Propulsion Burnouts 1 | . . . . . . . . . . . . . 1 . . Robots Hopped . | . . . . . . . . . . . . . . . . Potential Cave-ins 5 | . . . . 3 . . . . 2 . . . . . . Cave-ins Triggered . | . . . . . . . . . . . . . . . . Teleports 1 | . . . . . . . . . . . . . 1 . . Exploration Rate (%) 48 | 3 81 20 92 28 56 45 75 66 46 62 54 60 60 12 9 Regions Visited 15 Branch Regions 11 Pre-discovered Areas 8 | . . . 1 1 . . 1 . . 1 1 3 . . . Known Exits Taken 7 | . . . . 1 1 1 1 1 1 1 . . . . . Unknown Exits Taken 8 | 1 1 1 1 . . . . . . . 1 1 1 1 . Scrap Searched 24 | . . 7 4 . 1 4 . 1 . 2 2 . 3 . . Spaces Dug 151 | . 1 . . 45 4 . . 1 80 8 . . 5 7 . Terrain Destroyed 267 | . 1 9 . 85 5 12 . 33 93 9 3 . 10 7 . Melee 22 | . . . . . . . . . 19 1 . . 2 . . Projectile 169 | . 1 . . 55 5 1 . 8 73 8 3 . 8 7 . AOE 75 | . . 9 . 30 . 11 . 25 . . . . . . . Terrain Rammed . | . . . . . . . . . . . . . . . . Walls Destroyed . | . . . . . . . . . . . . . . . . Machines Disabled . | . . . . . . . . . . . . . . . . Actions | -11 -10 -10 -9 -6 -6 -6 -6 -5 -5 -5 -5 -5 -4 -4 -4 --------- Run | Yrd Mat Sub Scr Fac Low Low Dat Pro Fac Upp Upp Zhi Pro Fac Upp Total 11471 | 112 673 549 1901 1743 684 208 79 747 2345 456 483 187 825 422 57 Wait 1108 | 6 195 106 12 146 178 1 . 105 168 16 20 . 130 25 . Move 9343 | 72 431 363 1831 1438 424 195 79 547 1929 412 433 167 602 364 56 Hop . | . . . . . . . . . . . . . . . . Pick Up 156 | 9 7 14 25 23 19 3 . 11 24 1 4 2 6 8 . Fast Attach 73 | 8 . 1 1 6 3 1 . 9 20 3 3 9 5 4 . Attach 77 | . 1 10 4 8 3 3 . 17 9 2 2 . 13 5 . Detach 14 | . . . 4 3 . . . 4 1 . . . 1 1 . Swap 78 | . 3 5 3 18 9 2 . 1 28 2 3 1 2 1 . Drop 138 | 2 2 7 21 15 25 1 . 13 32 . 5 8 4 2 1 Fire 409 | 15 34 43 . 78 11 2 . 33 115 8 12 . 51 7 . Melee 45 | . . . . . . . . 4 19 12 1 . 9 . . Ram 5 | . . . . . . . . . . . . . . 5 . Kick . | . . . . . . . . . . . . . . . . Crush . | . . . . . . . . . . . . . . . . Escape Stasis 10 | . . . . 8 . . . . . . . . 2 . . Rewire . | . . . . . . . . . . . . . . . . Trap 14 | . . . . . 12 . . 2 . . . . . . . Miscellaneous 1 | . . . . . . . . 1 . . . . . . . Route ------- -11/Scrapyard -10/Materials (discovered 5 exits: [*Mat x3] / [*Min] / [*Sub]) -10/Subcaves -9/Scraptown (discovered 2 exits: *Fac x2) -6/Factory (discovered 3 exits: *Fac / *Low x2) -6/Lower Caves -6/Lower Caves (discovered 2 exits: *Fac / *Dat) -6/Data Miner -5/Proximity Caves -5/Factory (discovered 3 exits: *Fac / *Upp x2) -5/Upper Caves -5/Upper Caves -5/Zhirov -4/Proximity Caves -4/Factory (discovered 2 exits: [*Upp] / Arm) -4/Upper Caves (discovered 1 exit: Upp) History --------- Turn | Location | Event 14 | -11/Scrapyard | Discovered new exit (range 15) 117 | -11/Scrapyard | Entered Materials 167 | -10/Materials | Discovered new exit (range 12) 228 | -10/Materials | Discovered new exit (range 16) 302 | -10/Materials | Build established: Mutant 372 | -10/Materials | Discovered new exit (range 5) 630 | -10/Materials | Central database locked down 655 | -10/Materials | Discovered new exit (range 13) 832 | -10/Materials | Discovered new exit (range 5) 836 | -10/Materials | Entered Subcaves 837 | -10/Subcaves | Approached by a straggling Scientist 854 | -10/Subcaves | Ambushed by Subdwellers from Twisted Machinery 929 | -10/Subcaves | Lost 4 parts (1p2n1w) 1065 | -10/Subcaves | Core integrity fell below 50% 1150 | -10/Subcaves | Scientist uncovered a shortcut to Scraptown 1242 | -10/Subcaves | Disturbed a concealed Subdweller 1313 | -10/Subcaves | Core integrity fell below 20% 1335 | -10/Subcaves | Learned Materials interactive machine intel 1339 | -10/Subcaves | Lost 5 parts (2n1u2w) 1466 | -10/Subcaves | Entered Scraptown 1636 | -9/Scraptown | Heard Great Nut preacher, LISTEN AND RECITE! 1641 | -9/Scraptown | Build established: Derelict-Mutant 1872 | -9/Scraptown | Discovered new exit (range 7) 2098 | -9/Scraptown | Scanned Subdweller tech in exchange for log data 2104 | -9/Scraptown | Learned Factory garrison access intel 2106 | -9/Scraptown | Learned location of Warlord (-4) 2187 | -9/Scraptown | Visited Spacefarers 2280 | -9/Scraptown | Visited Cyclists 2361 | -9/Scraptown | Visited Comm Corps 4156 | -9/Scraptown | Visited UFD Registry 4156 | -9/Scraptown | Registered with UFD as "Cryoparser" 4195 | -9/Scraptown | Visited Fellowship of the Rings 4492 | -9/Scraptown | Visited CPS Storage 4644 | -9/Scraptown | Visited Science Testing Area 4840 | -9/Scraptown | Entered Cyclist Reading Room 5813 | -9/Scraptown | Visited Assassins FH 5893 | -9/Scraptown | Visited Botcube Research 5975 | -9/Scraptown | Visited Science Guys 6086 | -9/Scraptown | Visited Abandonware Association 6170 | -9/Scraptown | Learned abandonware demo "REPAIR.EXE" 6224 | -9/Scraptown | Visited Supply Room 6306 | -9/Scraptown | Found Scrap Suit 6397 | -9/Scraptown | Discovered new exit (range 3) 6466 | -9/Scraptown | Visited Junk Cannon Lab 6513 | -9/Scraptown | Visited Scrap Suit Storage 6558 | -9/Scraptown | Visited Derelict Rescue Squad 6575 | -9/Scraptown | Found DRS Beacon 6613 | -9/Scraptown | Visited Scrapoid Research Area 6688 | -9/Scraptown | Delivered Scrap Shield to a Scientist 6872 | -9/Scraptown | Visited Chapter 10 6934 | -9/Scraptown | Visited Infowarlord's Domain 6947 | -9/Scraptown | Found Exp. Sensor Array 7015 | -9/Scraptown | Found Botcube 7115 | -9/Scraptown | Botcube activated 7131 | -9/Scraptown | Botcube completed mutation into wheeled form, armed with 2 guns. 7225 | -9/Scraptown | Met Optimus 7225 | -9/Scraptown | Accepted into 0bPrime 7325 | -9/Scraptown | Entered Factory 7325 | -6/Factory | Evolved 8 slots: Propulsion x3, Utility x4, Weapon x1 7326 | -6/Factory | Identified exit to Lower Caves 7327 | -6/Factory | Loaded intel: 4 garrison access locations 7615 | -6/Factory | Build established: Derelict-Skirmisher 8101 | -6/Factory | Discovered exit to Lower Caves (range 11) 8380 | -6/Factory | Discovered new exit (range 16) 8397 | -6/Factory | Identified exit to Factory 8656 | -6/Factory | Loaded intel: 8 recycling unit locations 8722 | -6/Factory | Learned location of Protoforge (-2) 9319 | -6/Factory | Build established: Skirmisher 9398 | -6/Factory | Entered Lower Caves 9400 | -6/Lower Caves | UFD Scientist delivered a prototype 9404 | -6/Lower Caves | Found Prototype Protection 9404 | -6/Lower Caves | Identified Enh. Scrap Shield 9438 | -6/Lower Caves | Identified exit to Lower Caves 10110 | -6/Lower Caves | Learned Factory non-interactive machine intel 10154 | -6/Lower Caves | Entered another Lower Caves area 10158 | -6/Lower Caves | Discovered exit to Factory (range 17) 10214 | -6/Lower Caves | Encountered a Warlord checkpoint 10383 | -6/Lower Caves | Discovered new exit (range 7) 10389 | -6/Lower Caves | Identified exit to Data Miner 10398 | -6/Lower Caves | Entered Data Miner 10398 | -6/Data Miner | Discovered new exit (range 6) 10414 | -6/Data Miner | Met Data Miner 10454 | -6/Data Miner | Learned location of Section 7 (-2) 10454 | -6/Data Miner | Acquired the access code to Warlord's prototype stash 10465 | -6/Data Miner | Received God Mode back door access code from Data Miner 10489 | -6/Data Miner | Identified exit to Proximity Caves 10490 | -6/Data Miner | Entered Proximity Caves 10503 | -5/Proximity Caves | System corruption reached 10% 10537 | -5/Proximity Caves | Lost 8 parts (1p3n3u1w) 11060 | -5/Proximity Caves | Build established: Gunner 11432 | -5/Proximity Caves | Build established: Skirmisher 11568 | -5/Proximity Caves | Activated DRS Beacon 11615 | -5/Proximity Caves | Core integrity fell below 50% 11647 | -5/Proximity Caves | Lost 7 parts (1p2u4w) 11946 | -5/Proximity Caves | Build established: Scavenger-Mutant 11982 | -5/Proximity Caves | Attracted the attention of an 0b10 checkpoint 12082 | -5/Proximity Caves | Received a Behemoth hack from an annoying Tinkerer 12086 | -5/Proximity Caves | Learned Factory non-interactive machine intel 12249 | -5/Proximity Caves | Entered Factory 12249 | -5/Factory | Evolved 2 slots: Power x1, Utility x1 12250 | -5/Factory | Loaded intel: 254 non-interactive machine locations 12593 | -5/Factory | System corruption reached 10% 12938 | -5/Factory | Loaded intel: 8 recycling unit locations 12956 | -5/Factory | Incoming investigation squad redirected 13005 | -5/Factory | Build established: Scavenger-Skirmisher 13392 | -5/Factory | Spotted B-75 Beast 13394 | -5/Factory | Befriended a Behemoth using the annoying Tinkerer's hack 13468 | -5/Factory | Repaired Antigrav System? 13490 | -5/Factory | Discovered new exit (range 15) 13555 | -5/Factory | Incoming investigation squad redirected 13631 | -5/Factory | Identified exit to Upper Caves 13634 | -5/Factory | Discovered new exit (range 14) 13720 | -5/Factory | Fabricated Lgt. Regenerative Plating? 14133 | -5/Factory | Build established: Scavenger-Mutant 14221 | -5/Factory | Incoming investigation squad redirected 14226 | -5/Factory | Entered Upper Caves 14318 | -5/Upper Caves | Ambushed by wild Derelicts 14324 | -5/Upper Caves | Identified exit to Upper Caves 14399 | -5/Upper Caves | Lost 3 parts (3n) 14602 | -5/Upper Caves | Entered another Upper Caves area 14736 | -5/Upper Caves | Encountered a Warlord checkpoint 14823 | -5/Upper Caves | Learned Factory emergency access door positions 14890 | -5/Upper Caves | Learned Factory emergency access door positions 15187 | -5/Upper Caves | Discovered new exit (range 5) 15290 | -5/Upper Caves | Entered Zhirov 15290 | -5/Zhirov | Discovered new exit (range 3) 15304 | -5/Zhirov | Build established: Scavenger-Skirmisher 15324 | -5/Zhirov | Met Zhirov 15359 | -5/Zhirov | Learned location of Quarantine (-2) 15359 | -5/Zhirov | Learned location of Testing (-3) 15359 | -5/Zhirov | Learned location of Command (-1) 15378 | -5/Zhirov | Zhirov requested help retrieving the SGEMP Prototype 15434 | -5/Zhirov | Found Alien Artifact 15434 | -5/Zhirov | Identified Integrated Dissipator 15434 | -5/Zhirov | Installed Integrated Dissipator, increased core heat dissipation (+20) 15551 | -5/Zhirov | Found Alien Artifact 15616 | -5/Zhirov | Entered Proximity Caves 15669 | -4/Proximity Caves | Learned location of 1 exit from Upper Caves 15714 | -4/Proximity Caves | Identified Transdimensional Reconstructor 15714 | -4/Proximity Caves | Warped through subspace 16021 | -4/Proximity Caves | Build established: Scavenger-Mutant 16266 | -4/Proximity Caves | Lost 3 parts (1n1u1w) 16584 | -4/Proximity Caves | Attracted the attention of an 0b10 checkpoint 16622 | -4/Proximity Caves | Core integrity fell below 50% 16665 | -4/Proximity Caves | Lost 11 parts (2p3n3u3w) 16901 | -4/Proximity Caves | Build established: Mutant 17109 | -4/Proximity Caves | Discovered new exit (range 15) 17127 | -4/Proximity Caves | Entered Factory 17127 | -4/Factory | Evolved 2 slots: Utility x1, Weapon x1 17128 | -4/Factory | Identified exit to Armory 17130 | -4/Factory | Loaded intel: 198 non-interactive machine locations 17149 | -4/Factory | Lost 3 parts (1p1n1w) 17221 | -4/Factory | Repaired Cmb. Gravmag System? 17283 | -4/Factory | Discovered new exit (range 10) 17299 | -4/Factory | Incoming investigation squad redirected 17422 | -4/Factory | Build established: Hacker-Mutant 17439 | -4/Factory | Loaded intel: 8 recycling unit locations 17465 | -4/Factory | Incoming investigation squad redirected 17512 | -4/Factory | Incoming investigation squad redirected 17544 | -4/Factory | Fabricated Centrium Wheel? 17588 | -4/Factory | Core integrity fell below 50% 17629 | -4/Factory | Incoming investigation squad redirected 17638 | -4/Factory | Entered Upper Caves 17639 | -4/Upper Caves | Identified exit to Upper Caves 17644 | -4/Upper Caves | Learned Research trap positions 17650 | -4/Upper Caves | Core integrity fell below 20% 17660 | -4/Upper Caves | Attracted the attention of an 0b10 outpost 17674 | -4/Upper Caves | Destroyed by G-67 Veteran with Plasma Rifle Last Messages --------------- 17627_ Acquired Unknown Device. 17627_ Identified Adv. Cryofiber Web. 17627_ Slug penetrates Wall. 17627_ Slug penetrates Subcomponent Replicator. 17627_ Subcomponent Replicator disabled. 17628_ Slug penetrates Wall. 17629_ ALERT: Higher priority target reported, redirecting investigation. 17631_ Slug penetrates Wall. 17631_ Penetrated by Slug. LOCATION=UNKNOWN GOAL=ESCAPE Loading 1 Upper Caves exit... 17644_ Acquired derelict log, extracted data. Data stored: Research trap records. 17647_ Adv. System Shield destroyed. 17660_ Y-72 Warden: "DETECTED UNIDENTIFIED DERELICT." 17664_ Y-72 Warden: "REQUESTING BACKUP." 17664_ Dropped Imp. Gyrokinetic Inverter. Map ----- +----------------------------------------------------+ | ?????????????????????????????????????????????????? | | ?????????????????????????????????????????????????? | | ?????????????????????????????????????????????????? | | ?????????????????????????????????????????????????? | | ?????????????????????????????????????????????????? | | ?????????????????????????????????????????????????? | | ?????????????????????????????????????????????????? | | ?????????????????????????????????????????????????? | | ?????????????????????????????????????????????????? | | ?????????????????????????????????????????????????? | | ?????????????????????????????????????????????????? | | ?????????????????????????????????????????????????? | | ?????????????????????????????????????????????????? | | ?????????????????????????????????????????????????? | | ????????????????????????????????????????????###### | | ????????????????????????????????????????????# | | ????????????????????????????????????????????# ## | | ??????????????????????????????#########?##### # | | ?????????????????????????????## ### ## # | | ?????????????????????????????# =" ##/# | | ????????????????????????###### ## # #?? | | ????????????????????????# s ### #??? | | ????????????????????????# s######?# #### #??? | | ????????????????????????# #????# ###??# #??? | | ????????????????????????# ##### # #????## ?? | | ????????????????????????#@ ## #?????# ? | | ????????????????????????# ##### ## ?????## ### | | ???????????????????????? #??# ?# ??????##?? | | ???????????????????????? #?? ??#### ?????????? | | ???????????????????????### ? ??????##????????? | | ?????????????????????????# ##????????????????? | | ????????????????????????? g ??????????????????? | | ????????????????????????? ?????????????????? | | ????????????????????????? g #????????????????? | | ????????????????????????? b ????????????????? | | ????????????????????????? ##g####???????????????? | | ????????????????????????? #?##??????????????????? | | ????????????????????????? #?????????????????????? | | ????????????????????????? ??????????????????????? | | ?????????????????????????????????????????????????? | | ?????????????????????????????????????????????????? | | ?????????????????????????????????????????????????? | | ?????????????????????????????????????????????????? | | ?????????????????????????????????????????????????? | | ?????????????????????????????????????????????????? | | ?????????????????????????????????????????????????? | | ?????????????????????????????????????????????????? | | ?????????????????????????????????????????????????? | | ?????????????????????????????????????????????????? | | ?????????????????????????????????????????????????? | +----------------------------------------------------+ Best States ------------- Heat Dissipation 66 Energy Generation 33 Energy Capacity 450 Matter Stores 300 Matter Capacity 300 Sight Range 22 Robot Scan Range 20 Terrain Scan Range 20 Terrain Scan Density 10 Power Amplification 20 Armor Coverage 800 Resistance: TH 10 Resistance: EM 25 Propulsion Shielding 90 Melee Speed Boost 20 Evasion (%) 64 Target Analysis 6 Core Analysis 6 Recoil Reduction 7 Offensive Hacking 12 Defensive Hacking 28 Item Schematics ----------------- Imp. Shield Generator | -6/Factory | Scanalyzed Exp. Sensor Array | -6/Factory | Scanalyzed Combat Drone Bay | -6/Data Miner | Free Lgt. Regenerative Plating | -6/Data Miner | Free Cld. Nuclear Pulse Thruster | -6/Data Miner | Free Imp. Energy Well | -6/Data Miner | Free Tesla Bomb Launcher | -6/Data Miner | Free Centrium Wheel | -6/Data Miner | Free Adv. Transmission Jammer | -6/Data Miner | Free Hyp. Mass Driver | -6/Data Miner | Free Adv. Datajack | -6/Data Miner | Free Assault Drone Bay | -5/Zhirov | Free Exp. Heat Sink | -5/Zhirov | Free Exp. Optical Array | -5/Zhirov | Free Imp. Arc Thrower | -5/Zhirov | Free Robot Schematics ------------------ B-48 Gladiator | -6/Data Miner | Free L-41 Fighter | -6/Data Miner | Free H-66 Slayer | -6/Data Miner | Free A-15 Conveyor | -6/Data Miner | Free P-70 Sage | -6/Data Miner | Free A-27 Freighter | -6/Data Miner | Free Fabricated ------------ Lgt. Regenerative Plating | x1 | -5/Factory Centrium Wheel | x2 | -4/Factory Repaired ---------- Antigrav System | 30% | -5/Factory Cmb. Gravmag System | 70% | -4/Factory Alien Tech Used ----------------- Integrated Dissipator Transdimensional Reconstructor Achievements -------------- None Challenges ------------ None Game ------ Seed TrackerFluxCompressor Manual? 0 Play Time 02:37:49 Cumulative 372.0 hours Start 2025.06.07 @ 08:10:22 End 2025.06.07 @ 13:31:01 Sessions 3 Manual Loads 0 Difficulty Rogue Special Mode None Game No. 415 Rogue 415 Adventurer 0 Explorer 0 Win Type - Total 6 Types 3/1/1/1/0/0/0/0/0/0 Lore% 68 Gallery% 70 Achievement% 68 Wizard Run 0 Options --------- Layout 1 ASCII 0 Keyboard 0 Movement Numpad Keybinds 0 Fullscreen 1 Font 32/SmallcapsGlow Map View 50x35 Zoom Use 0% Tactical HUD 1 Map Filters NONE Filters NONE Steam 1 RUN: 837d25b4-944c-41bd-988d-ad220c168880